 Dungeon Sprint DCSS version 0.31-a0-18-gea43df2a32 (webtiles) character file.

Game seed: 10510119241987621778

0 sircluck the Ruffian (level 1, -2/23 HPs)
             Began as a Troll Berserker on May 9, 2023.
             Was a Believer of Trog.
             Slain by Sigmund
             ... wielding a +0 scythe
              (9 damage)
             ... in the Dungeon (Sprint VI: "Thunderdome").
             The game lasted 00:00:19 (89 turns).

sircluck the Ruffian (Troll Berserker)                Turns: 89, Time: 00:00:20

Health: -2/23      AC:  4    Str: 24    XL:     1   Next: 83%
Magic:  0/0        EV: 10    Int:  3    God:    Trog [**....]
Gold:   200        SH:  0    Dex:  9    Spells: 0/0 levels left

rFire   . .          .
                       - Unarmed
rCold   . . .        (no shield)
rNeg    . . .        a - +0 animal skin
rPois   .            (helmet restricted)
rElec   .            (no cloak)
rCorr   .            (gloves unavailable)
SInv    .            (boots unavailable)
Will    .....        (no amulet)
Stlth   +            (no ring)
HPRegen 1.03/turn    (no ring)
MPRegen 0.07/turn

%: no teleportation
@: no status effects
A: large, unfitting armour, claws 3, regeneration 1, shaggy fur 1, tough skin 1
a: Renounce Religion, Berserk, Trog's Hand


You were in the Dungeon.
You worshipped Trog.
Trog was pleased with you.
You visited 1 branch You collected 200 gold pieces.

Inventory:

Armour
 a - a +0 animal skin (worn)
Wands
 i - a wand of quicksilver (5)
 j - a wand of roots (5)
Scrolls
 g - 4 scrolls of blinking
 k - 3 scrolls of fog
Potions
 b - a potion of curing
 c - 3 potions of heal wounds
 d - 4 potions of haste
 e - 2 potions of magic
 f - a potion of berserk rage
 h - a potion of resistance


   Skills:
 + Level 3.0 Fighting
 + Level 3.0 Dodging
 + Level 3.7 Unarmed Combat


You couldn't memorise any spells.
You didn't know any spells.
Your spell library was empty.

Dungeon Overview and Level Annotations

Branches:
Dungeon (1/1)

Altars:
Cheibriados
Dithmenos
Fedhas
Gozag
Kikubaaqudgha
Makhleb
Okawaru
Sif Muna
Trog
Uskayaw
Vehumet
Zin
The Shining One
Lugonu

Shops:
D *[??*?:(

Annotations:
D Sigmund


Innate Abilities, Weirdness & Mutations

You are too large for most types of armour.
You have claws for hands.
Your natural rate of healing is unusually fast.
You are covered in fur. (AC +1)
You have tough skin. (AC +1)


Message History

Sigmund is nearby!
Sigmund shouts!
Sigmund gestures wildly while chanting.
Sigmund flickers and vanishes!
Deactivating autopickup; reactivate with Ctrl-A.
No target in view!
No target in view!
No target in view!
No target in view!
No target in view!
No target in view!
No target in view!
No target in view!
No target in view!
No target in view!
No target in view!
No target in view!
No target in view!
No target in view!
You are confused.
You are more confused.
Something hits you. Something hits you.
Found Ykhluz's Premium Goods.
Something hits you. Something hits you.
You hear some strange, mumbled words.
Something tries to affect you, but you resist.
You scratch something. Something hits you!
* * * LOW HITPOINT WARNING * * *
You're too confused to move!
Something hits you.
* * * LOW HITPOINT WARNING * * *
You feel much better.
You completely miss something.
You feel less confused. Something hits you!
You scratch something. Something hits you!
* * * LOW HITPOINT WARNING * * *
You miss something. You closely miss something. Something hits you!
You die...

#⌠)..........⌠#
######.8.........8.###
##.__....)..###......___
###∩........8.# #.8........
##.............###..........
#⌠..........###...###.......
#⌠..........# #.<.# .......
#⌠..........###...# .......
##..........@{.###.. ......
###∩........8.# .8.. ...
##∩___......# ......
######.8.........8.#
#⌠...........⌠#
###.........### #........
#_....... #........


There were no monsters in sight!

Vanquished Creatures
  A dart slug (D)
  An endoplasm (D)
  A goblin (D)
  A kobold (D)
4 creatures vanquished.

Notes
Turn   | Place    | Note
-------+----------+-------------------------------------------
     0 | D        | sircluck the Troll Berserker began the quest for the Orb.
     0 | D        | Reached XP level 1. HP: 22/22 MP: 0/0
     1 | D        | Found a shadowy altar of Dithmenos.
     1 | D        | Found a glowing golden altar of the Shining One.
     2 | D        | Found a hide-covered altar of Uskayaw.
     3 | D        | Found a corrupted altar of Lugonu.
     3 | D        | Found an ancient bone altar of Kikubaaqudgha.
     4 | D        | Found a blossoming altar of Fedhas.
     4 | D        | Found an opulent altar of Gozag.
     4 | D        | Found Idoblu's Staff Store.
     4 | D        | Found Daeqan's Magic Scroll Shop.
     5 | D        | Found a radiant altar of Vehumet.
     5 | D        | Found Boti's Must-Have Magic.
     5 | D        | Found Coatz's Magic Scroll Shop.
     5 | D        | Round 1.
    31 | D        | Found a shimmering blue altar of Sif Muna.
    31 | D        | Found a snail-covered altar of Cheibriados.
    34 | D        | Reached ** piety under Trog
    39 | D        | Found Teiburgh's Jewellery.
    39 | D        | Found Opreown's Advanced Armour.
    40 | D        | Found an iron altar of Okawaru.
    40 | D        | Found a bloodstained altar of Trog.
    40 | D        | Found a glowing silver altar of Zin.
    40 | D        | Found Innen's Identification Station.
    50 | D        | Found a burning altar of Makhleb.
    69 | D        | Noticed Sigmund
    79 | D        | Found Ykhluz's Premium Goods.
    89 | D        | Slain by Sigmund

Illustrated notes

Levels and vault maps discovered:
D:        arena_sprint

Skill      XL: |  1 |
---------------+----+-----
Fighting       | 3 |  3.0
Dodging        | 3 |  3.0
Unarmed Combat | |  3.7

Action                     || total
---------------------------++-------
  Melee: Unarmed           ||    14
    Use: Potion            ||     1
 Armour: Animal skin       ||     1
  Dodge: Dodged            ||     4

Table legend: (Time is in decaauts)
 A = Elapsed time spent in this place.
 B = Non-inter-level travel time spent in this place.
 C = Inter-level travel time spent in this place.
 D = Time resting spent in this place.
 E = Time spent auto-exploring this place.
 F = Levels seen in this place.
 G = Mean time per level.
                   A        B        C        D        E       F      G
               +--------+--------+--------+--------+--------+-----+--------+
         Total |     88 |     88 |      0 |      0 |     41 |   1 |   88.0 |
       Dungeon |     88 |     88 |      0 |      0 |     41 |   1 |   88.0 |
               +--------+--------+--------+--------+--------+-----+--------+

Top non-repeatable levels by time:
       D: 88 daAuts
